 Dungeon Sprint DCSS version 0.24-a0-205-g1d96822 (webtiles) character file.

Game seed: 17521219719247167338

16207 TheOrbIsALie the Brawler (level 12, -6/84 HPs)
             Began as a Gargoyle Transmuter on Mar 28, 2019.
             Was the Champion of Okawaru.
             Mangled by an orc warlord
             ... wielding a +3 glaive of protection
              (33 damage)
             ... in the Dungeon (Sprint VII: "The Pits").
             The game lasted 00:10:18 (2293 turns).

TheOrbIsALie the Brawler (Gargoyle Transmuter)      Turns: 2293, Time: 00:10:19

Health: -6/84      AC: 19    Str: 20    XL:     12   Next: 35%
Magic:  16/26      EV: 20    Int: 15    God:    Okawaru [******]
Gold:   33         SH:  0    Dex: 11    Spells: 25/31 levels left

rFire    . . .     SeeInvis .     - Unarmed
rCold    . . .     Gourm    .   (shield currently unavailable)
rNeg     + . .     Faith    .   u - +0 troll leather armour
rPois    ∞         Spirit   .   (no helmet)
rElec    +         Reflect  .   (no cloak)
rCorr    .         Harm     .   (gloves currently unavailable)
MR       .....     NoTele   +   s - +0 pair of boots
Stlth    ++++......             (no amulet)
HPRegen  0.64/turn              n - +3 ring of protection
MPRegen  0.20/turn              p - +3 ring of strength

@: blade hands (expiring), heroism, very slightly contaminated
A: negative energy resistance 1, electricity resistance, unbreathing,
petrification resistance, rot immunity, AC +8
a: End Transformation, Heroism, Finesse, Renounce Religion


You were in the Dungeon.
You worshipped Okawaru.
Okawaru was exalted by your worship.
You were not hungry.
You had blades for hands.
You visited 1 branch You collected 33 gold pieces.

Inventory:

Missiles
 a - 30 arrows
Armour
 b - a +0 robe
 o - a +3 ring mail
 s - a +0 pair of boots (worn)
 u - a +0 troll leather armour (worn)
Jewellery
 n - a +3 ring of protection (left scythe-like blade)
 p - a +3 ring of strength (right scythe-like blade)
 v - an uncursed ring of magical power
 y - an uncursed ring of protection from magic
 A - an uncursed ring of positive energy
Scrolls
 j - 3 scrolls of blinking
 k - 6 scrolls of remove curse
 l - 5 scrolls of amnesia
 m - a scroll of summoning
 x - a scroll of enchant armour
 z - a scroll of identify
 B - 3 scrolls of fog
 C - 2 scrolls of enchant weapon
 D - a scroll of fear
Potions
 c - 2 potions of invisibility
 e - 6 potions of curing
 f - 5 potions of heal wounds
 g - a potion of haste
 h - 4 potions of magic
 i - 2 potions of berserk rage
 q - 2 potions of brilliance
 r - a potion of resistance
 t - a potion of mutation
 w - a potion of agility
Comestibles
 d - 9 rations
 E - 4 chunks of flesh


   Skills:
 + Level 13.2(18.2) Fighting
 + Level 8.9(13.9) Armour
 + Level 10.4(15.4) Dodging
 + Level 4.2(9.2) Stealth
 - Level 18.5(23.5) Unarmed Combat
 + Level 10.1 Spellcasting
 * Level 8.7 Transmutations
 + Level 4.6 Invocations


You had 25 spell levels left.
You knew the following spells:

 Your Spells              Type           Power        Failure   Level  Hunger
a - Beastly Appendage     Tmut           ####..       10%         1    None
b - Blade Hands           Tmut           ####......   43%         5    #####..

Your spell library contained the following spells:

 Spells                   Type           Power        Failure   Level  Hunger
 Sticks to Snakes         Tmut           ####....     11%         2    None
 Spider Form              Tmut/Pois      ###.......   34%         3    None
 Ice Form                 Ice/Tmut       ###.....     61%         4    ###....


Dungeon Overview and Level Annotations

Branches:
Dungeon (1/1)

Altars:
Ashenzari
Cheibriados
Dithmenos
Elyvilon
Fedhas
Gozag
Hepliaklqana
Kikubaaqudgha
Makhleb
Nemelex Xobeh
Okawaru
Qazlal
Ru
Sif Muna
Trog
Uskayaw
Vehumet
Wu Jian
Xom
Yredelemnul
Zin
The Shining One
Beogh
Jiyva
Lugonu


Innate Abilities, Weirdness & Mutations

You are resistant to torment.
Your stone body is resilient. (AC +8)
You are immune to poison.
You resist negative energy. (rN+)
You are resistant to electric shocks. (rElec)
You can survive without breathing.
You are immune to petrification.
You are immune to rotting.


Message History

The orc knight is moderately wounded.
The orc knight misses you.
The orc knight hits you from afar with a +4 glaive!!
* * * LOW HITPOINT WARNING * * *
The orc warlord misses you.
You feel much better.
The orc knight hits you from afar with a +4 glaive.
The orc knight hits you but does no damage.
You feel much better.
The orc warlord hits you from afar with a +3 glaive of protection!!!
Ouch! That really hurt!
* * * LOW HITPOINT WARNING * * *
Unknown command.
You feel much better.
The orc warlord no longer looks unusually strong.
The orc knight roars a battlecry!
The orc warlord goes into a battle-frenzy!
The orc knight barely misses you.
The orc warlord hits you from afar with a +3 glaive of protection!!
You die...

###########################+#
..............o)............#
..............oo@...........#
##########''##############..#
..... #..# #..... #).# ####..
#..# ... #..#


o.oo #..# ooo. #..# #..# You could see an orc warlord and 2 orc knights.

Vanquished Creatures
  A merfolk javelineer (D)
  An eidolon (D)
  Josephine (D)
  An alligator snapping turtle (D)
  An orc high priest (D)
  A shadow wraith (D)
  A fire crab (D)
  An unseen horror (D)
  3 deep trolls (D)
  A swamp dragon (D)
  An orc knight (D)
  A deep elf mage (D)
  A manticore (D)
  An ugly thing (D)
  A molten gargoyle (D)
  A kobold demonologist (D)
  A komodo dragon (D)
  A freezing wraith (D)
  An efreet (D)
  A red devil (D)
  2 trolls (D)
  3 merfolk (D)
  A bog body (D)
  A hippogriff (D)
  A flying skull (D)
  6 wraiths (D)
  A tarantella (D)
  A wyvern (D)
  A basilisk (D)
  A hungry ghost (D)
  Eustachio (D)
  A small abomination (D)
  A warg (D)
  Duvessa (D)
  A water moccasin (D)
  A porcupine (D)
  4 orc warriors (D)
  2 eyes of draining (D)
  A sky beast (D)
  A necrophage (D)
  An ice beast (D)
  A phantom (D)
  3 ogres (D)
  3 wolves (D)
  A centaur (D)
  A crocodile (D)
  A bullfrog (D)
  Dowan (D)
  6 killer bees (D)
  A jelly (D)
  An orc priest (D)
  A gnoll shaman (D)
  Jessica (D)
  5 gnolls (D)
  2 river rats (D)
  2 adders (D)
  An ufetubus (D)
  2 oozes (D)
  2 worms (D)
  A leopard gecko (D)
  5 orcs (D)
  A bat skeleton (D)
  A giant cockroach (D)
  A quokka (D)
  2 kobolds (D)
  2 rats (D)
103 creatures vanquished.

Vanquished Creatures (others)
  An adder (D)
1 creature vanquished.

Grand Total: 104 creatures vanquished

Notes
Turn   | Place    | Note
-------+----------+-------------------------------------------
     0 | D        | TheOrbIsALie the Gargoyle Transmuter began the quest for
                  | the Orb.
     0 | D        | Reached XP level 1. HP: 12/12 MP: 3/3
    18 | D        | Reached skill level 4 in Unarmed Combat
    18 | D        | Reached XP level 2. HP: 8/16 MP: 1/5
    47 | D        | Found a bloodstained altar of Trog.
    47 | D        | Found a deep blue altar of Sif Muna.
    47 | D        | Found a viscous altar of Jiyva.
    47 | D        | Found a hazy altar of Hepliaklqana.
    47 | D        | Found an opulent altar of Gozag.
    48 | D        | Found a glowing golden altar of the Shining One.
    48 | D        | Found a glowing silver altar of Zin.
    48 | D        | Found a basalt altar of Yredelemnul.
    48 | D        | Found a shimmering altar of Xom.
    48 | D        | Found an ornate altar of the Wu Jian Council.
    48 | D        | Found a sacrificial altar of Ru.
    48 | D        | Found a stormy altar of Qazlal.
    48 | D        | Found an iron altar of Okawaru.
    48 | D        | Found a sparkling altar of Nemelex Xobeh.
    48 | D        | Found a burning altar of Makhleb.
    48 | D        | Found a blossoming altar of Fedhas.
    48 | D        | Found a white marble altar of Elyvilon.
    48 | D        | Found a shadowy altar of Dithmenos.
    48 | D        | Found a snail-covered altar of Cheibriados.
    51 | D        | Found a corrupted altar of Lugonu.
    51 | D        | Found a radiant altar of Vehumet.
    51 | D        | Found a roughly hewn altar of Beogh.
    52 | D        | Found an ancient bone altar of Kikubaaqudgha.
    52 | D        | Found a hide-covered altar of Uskayaw.
    52 | D        | Found a shattered altar of Ashenzari.
    56 | D        | Became a worshipper of Warmaster Okawaru
   248 | D        | Reached skill level 5 in Unarmed Combat
   248 | D        | Reached XP level 3. HP: 20/20 MP: 4/7
   340 | D        | Noticed an ogre
   340 | D        | Noticed a bullfrog
   341 | D        | Noticed a warg
   348 | D        | Killed an ogre
   348 | D        | Reached * piety under Okawaru
   348 | D        | Reached skill level 6 in Unarmed Combat
   348 | D        | Reached XP level 4. HP: 26/26 MP: 6/10
   356 | D        | Killed a warg
   356 | D        | Reached skill level 1 in Armour
   356 | D        | Reached skill level 8 in Unarmed Combat
   356 | D        | Reached skill level 5 in Spellcasting
   356 | D        | Reached XP level 5. HP: 29/30 MP: 6/12
   358 | D        | Reached skill level 9 in Unarmed Combat
   358 | D        | Reached XP level 6. HP: 33/35 MP: 6/14
   521 | D        | Noticed a sky beast
   544 | D        | Killed a sky beast
   544 | D        | Reached ** piety under Okawaru
   544 | D        | Reached skill level 10 in Unarmed Combat
   544 | D        | Reached skill level 5 in Transmutations
   732 | D        | Reached XP level 7. HP: 24/40 MP: 17/17
   852 | D        | Noticed Jessica
   853 | D        | Killed Jessica
   879 | D        | Reached skill level 11 in Unarmed Combat
   902 | D        | Killed an unseen horror
   902 | D        | Reached *** piety under Okawaru
   902 | D        | Reached **** piety under Okawaru
   902 | D        | Reached skill level 5 in Fighting
   902 | D        | Reached skill level 5 in Armour
   902 | D        | Reached XP level 8. HP: 26/51 MP: 15/19
   917 | D        | Reached skill level 12 in Unarmed Combat
  1113 | D        | Reached skill level 5 in Dodging
  1123 | D        | Noticed an efreet
  1123 | D        | Noticed a troll
  1123 | D        | Noticed a kobold demonologist
  1123 | D        | Noticed a red devil
  1131 | D        | Noticed a hellwing
  1133 | D        | Killed a troll
  1133 | D        | Reached skill level 1 in Stealth
  1133 | D        | Reached XP level 9. HP: 56/56 MP: 17/20
  1135 | D        | Killed an efreet
  1139 | D        | Killed a kobold demonologist
  1139 | D        | Received a gift from Okawaru
  1139 | D        | Reached skill level 13 in Unarmed Combat
  1153 | D        | Killed a red devil
  1262 | D        | Noticed a deep elf mage
  1276 | D        | Killed a deep elf mage
  1276 | D        | Reached ***** piety under Okawaru
  1276 | D        | Reached skill level 1 in Invocations
  1342 | D        | Reached skill level 14 in Unarmed Combat
  1350 | D        | Reached XP level 10. HP: 65/65 MP: 19/22
  1367 | D        | Received a gift from Okawaru
  1383 | D        | Noticed a deep troll
  1401 | D        | Killed a deep troll
  1471 | D        | Reached skill level 15 in Unarmed Combat
  1502 | D        | Reached skill level 10 in Fighting
  1511 | D        | Noticed an eidolon
  1521 | D        | Killed an eidolon
  1525 | D        | Received a gift from Okawaru
  1595 | D        | Noticed a manticore
  1595 | D        | Noticed a deep troll
  1595 | D        | Noticed Dowan
  1596 | D        | Noticed an orc high priest
  1599 | D        | Noticed a molten gargoyle
  1599 | D        | Noticed a fire crab
  1603 | D        | Noticed an orange demon
  1608 | D        | Reached skill level 16 in Unarmed Combat
  1616 | D        | Reached XP level 11. HP: 73/73 MP: 21/24
  1616 | D        | Noticed Eustachio
  1620 | D        | Noticed Duvessa
  1631 | D        | Killed Eustachio
  1635 | D        | Killed a deep troll
  1640 | D        | Killed a fire crab
  1655 | D        | Killed a manticore
  1660 | D        | Killed Duvessa
  1662 | D        | Killed Dowan
  1662 | D        | Reached skill level 17 in Unarmed Combat
  1671 | D        | Killed an orc high priest
  1671 | D        | Reached ****** piety under Okawaru
  1745 | D        | Found the +8 demon blade "Leech" {vamp, rN+ AC-3 EV-3}
  1882 | D        | Noticed Josephine
  1882 | D        | Noticed a merfolk javelineer
  1914 | D        | Killed a merfolk javelineer
  1914 | D        | Reached skill level 18 in Unarmed Combat
  1929 | D        | Killed Josephine
  1929 | D        | Received a gift from Okawaru
  1949 | D        | Reached XP level 12. HP: 23/82 MP: 25/25
  2047 | D        | Learned a level 5 spell: Blade Hands
  2102 | D        | Reached skill level 10 in Dodging
  2108 | D        | Received a gift from Okawaru
  2109 | D        | Found the +8 mithril axe "Arga" {speed, MR+}
  2262 | D        | Noticed an alligator snapping turtle
  2262 | D        | Noticed an orc warlord
  2263 | D        | Noticed an orc warlord
  2283 | D        | Killed an alligator snapping turtle
  2283 | D        | Reached skill level 10 in Spellcasting
  2293 | D        | Mangled by an orc warlord

Levels and vault maps discovered:
D:        pitsprint [storerooms_1, entrance_room_1, metal_vault_3, armoury_2,
          mini_pit_1, grid_room_1, main_hall_1, silver_pit, the_coven_1,
          the_vestibule_1, steel_vault_1, golden_pit, hallway_of_sentries,
          crystal_vault_6, iron_vault_1, final_vault]

Skill      XL: |  1  2  3  4  5  6  7  8  9 10 11 12 |
---------------+-------------------------------------+-----
Dodging        | 2 3 4 5 6 7 9 10 | 10.4
Unarmed Combat | 4 5 6 8 9 10 11 12 14 16 18 | 18.5
Transmutations | 2 3 4 5 6 7 8 |  8.7
Spellcasting   | 4 5 6 7 8 9 10 | 10.1
Fighting       | 2 5 6 8 10 12 13 | 13.2
Armour         | 1 3 5 6 8 |  8.9
Stealth        | 1 3 4 |  4.2
Invocations    | 1 3 4 |  4.6

Action                   |  1- 3 |  4- 6 |  7- 9 | 10-12 || total
-------------------------+-------+-------+-------+-------++-------
Melee: Unarmed           |    31 |    41 |   127 |   235 ||   434
       Headbutt          |     1 |       |    15 |    23 ||    39
       Kick              |     6 |     6 |     3 |       ||    15
       Punch             |     1 |       |     5 |    26 ||    32
 Cast: Beastly Appendage |     7 |     2 |     8 |     5 ||    22
       Blade Hands       |       |       |       |     3 ||     3
Invok: Heroism           |       |       |     4 |     9 ||    13
  Use: Potion            |     1 |     1 |     5 |    14 ||    21
  Eat: Chunk             |       |       |     5 |     4 ||     9
Armor: Robe              |     7 |       |       |       ||     7
       Ring mail         |       |    11 |    40 |       ||    51
       Troll leather arm |       |       |    17 |   107 ||   124
Dodge: Dodged            |    21 |     9 |    57 |   178 ||   265

Table legend:
 A = Non-vault XP
 B = Vault XP
 C = Vault XP percentage of total XP
 D = Non-vault monster count
 E = Vault monster count
 F = Vault count percentage of total count
                 A         B        C        D         E       F
            +---------+---------+-------+---------+---------+-------
      Total |       0 |   23153 | 100.0 |       0 |     103 | 100.0
            +---------+---------+-------+---------+---------+-------
          D |       0 |   23153 | 100.0 |       0 |     103 | 100.0
            +---------+---------+-------+---------+---------+-------
